 Dungeon Crawl Stone Soup version 0.12.3 (webtiles) character file.

15648 Chiseanne the Fiendish (level 11, -2/85 HPs)
             Began as a Deep Dwarf Wizard on Sept 27, 2013.
             Was a Priest of Makhleb.
             Slain by an orc warrior (22 damage)
             ... on Level 4 of the Orcish Mines.
             The game lasted 03:12:21 (20813 turns).

Chiseanne the Fiendish (Deep Dwarf Wizard)         Turns: 20813, Time: 03:12:21

HP  -2/85        AC  6     Str 12      XL: 11   Next: 94%
MP   2/4         EV 14     Int 22 (23) God: Makhleb [***...]
Gold 808         SH  0     Dex 11      Spells: 10 memorised,  2 levels left

Res.Fire  : + . .   See Invis. : .   a - -4 falchion of the Grave {slay orc, rN+ In Res.Cold : + + . Warding : . l - +2 orc robe {rC+ rF+} Life Prot.: + . . Conserve : . (no shield)
Res.Poison: .       Res.Corr.  : .   b - +0 wizard hat
Res.Elec. : .       Clarity    : .   d - +1 orc cloak
Sust.Abil.: . .     Spirit.Shd : .   (no gloves)
Res.Mut.  : .       Stasis     : .   n - -1 pair of boots
Res.Rott. : .       Ctrl.Telep.: .   (no amulet)
Saprovore : . . .   Flight     : .   I - ring of protection from cold
                                     t - ring of sustenance

@: non-regenerating, slowed, very slow, quite resistant to hostile enchantments,
stealthy
A: damage resistance, recharge devices, blurry vision 1, sense surroundings 2,
screaming 1, slow healing 3
a: Device Recharging, Minor Destruction, Lesser Servant of Makhleb, Renounce
Religion


You were on level 4 of the Orcish Mines.
You worshipped Makhleb.
Makhleb was greatly pleased with you.
You were not hungry.

You visited 3 branches of the dungeon, and saw 16 of its levels.

You collected 1567 gold pieces.
You spent 455 gold pieces at shops.

Inventory:

Hand weapons
 a - the -4,-4 falchion of the Grave (weapon) {slay orc, rN+ Int+2}
   (You found it on level 9 of the Dungeon)

   It is especially effective against all of orcish descent.
   It affects your intelligence (+2).
   It protects you from negative energy.
 q - a +0 blowgun
 s - a +3,+1 whip of electrocution
Missiles
 m - 40 poisoned needles
 o - 2 needles of paralysis
 L - 6 curare-tipped needles
Armour
 b - a +0 wizard hat (worn)
 c - a +0 orcish scale mail of poison resistance
 d - a +1 orcish cloak (worn)
 j - a +1 orcish robe of magic resistance
 l - a +2 orcish robe of resistance (worn)
 n - a -1 pair of boots (worn)
Magical devices
 g - a wand of flame (5)
 h - a wand of digging (7)
 y - a wand of heal wounds (2)
 D - a wand of digging (9)
 E - a wand of polymorph (2)
 F - a wand of frost (9)
 H - a wand of fire (1)
 W - a wand of disintegration (10)
Comestibles
 f - a bread ration
 A - 6 apples
 J - 3 cheeses
 M - a meat ration
 X - a pear
Scrolls
 e - 3 scrolls of remove curse
 k - 3 scrolls of teleportation
 v - 2 scrolls of identify
 z - a scroll of immolation
 K - a scroll of blinking
 Z - a scroll of fear
Jewellery
 t - a ring of sustenance (left hand)
 I - a ring of protection from cold (right hand)
Potions
 i - 2 potions of brilliance
 O - a potion of magic
Magical staves
 w - an uncursed staff of channeling


   Skills:
 - Level 3.7 Fighting
 - Level 4.1 Armour
 - Level 5.6 Dodging
 - Level 4.0 Stealth
 - Level 9.4 Spellcasting
 - Level 3.1 Conjurations
 - Level 8.4 Summonings
 - Level 1.1 Translocations
 + Level 12.6 Invocations
 + Level 11.0 Evocations


You had 2 spell levels left.
You knew the following spells:

 Your Spells              Type           Power        Failure   Level  Hunger
a - Magic Dart            Conj           ####.        1%          1    None
b - Call Imp              Summ           ######....   1%          2    None
c - Call Canine Familiar  Summ           ######....   1%          3    None
d - Blink                 Tloc           N/A          10%         2    None
e - Conjure Flame         Conj/Fire      ####.....    12%         3    None
f - Repel Missiles        Chrm/Air       ###.......   12%         2    None
g - Shroud of Golubria    Chrm/Tloc      ###.......   10%         2    None
h - Mephitic Cloud        Conj/Pois/Air  ####.....    14%         3    None
i - Summon Scorpions      Summ/Pois      #####.....   12%         4    ##.....
j - Summon Ice Beast      Ice/Summ       #####.....   12%         4    ##.....


Dungeon Overview and Level Annotations

Branches:
Dungeon (11/27)            Temple (1/1) D:6             Orc (4/4) D:7
    Elf: Orc:3-4       Lair: D:8-13

Altars:
Ashenzari
Cheibriados
Elyvilon
Fedhas
Kikubaaqudgha
Makhleb
Nemelex Xobeh
Okawaru
Sif Muna
Trog
Vehumet
Xom
Yredelemnul
Zin
the Shining One
Beogh

Shops:
D:8: * D:10: ( Orc:3: *

Annotations
Orc:4 Saint Roka, Urug


Innate Abilities, Weirdness & Mutations

You are resistant to damage.
You can recharge devices by infusing magical energy.
You passively map the area around you.
You do not heal naturally.
Your vision is a little blurry.
You occasionally shout uncontrollably.


Message History

The orc warrior hits you!
* * * LOW HITPOINT WARNING * * *
Saint Roka unwields an uncursed runed crossbow.
Saint Roka wields an uncursed runed bardiche.
Saint Roka hits your orange demon with an uncursed runed bardiche!
Your orange demon dies!
Your ufetubus closely misses Saint Roka.
Your ufetubus hits Saint Roka but does no damage.
Your ufetubus misses Saint Roka.
Your ufetubus barely misses Saint Roka.
Your ufetubus misses Saint Roka.
Your ufetubus closely misses Saint Roka.
Your ufetubus misses Saint Roka.
The orc wizard hits your ufetubus with an uncursed runed war axe.
The orc wizard hits your hellwing with an uncursed runed war axe.
The orc wizard closely misses your ufetubus.
Something hits your ufetubus!
Your ufetubus dies!
You continue eating.
The orc warrior hits you!
You die...

###....#.####.ยง)......# ,
***#............o(.......#.
, *
*#....#.......4o5..........,
,##.#.##...#...#..........#
* ##...##.....35..........##
.....#.......))............
*
..............5............
..........oo()#............
.##......@)........<......
*#........).....#......#..
##...#..#..#..####...##
############## #####


You could see Saint Roka, an orc warrior (frenzied), 2 orc wizards, a friendly
hellwing, a friendly smoke demon, a friendly crimson imp and friendly 2 ufetubi.

Vanquished Creatures
  Pikel (D:5)
  Maurice (D:8)
  A hill giant (D:11)
  2 elf zombies (D:7)
  3 orc warriors
  A yak (D:10)
  Eustachio (D:5)
  2 wraiths (D:7)
  A fire drake (Orc:1)
  A war dog (D:10)
  2 slaves (D:5)
  A manticore skeleton (D:11)
  An ice beast (D:8)
  5 centaurs
  A troll skeleton (D:5)
  A water moccasin zombie (D:5)
  10 killer bees
  A wight (D:7)
  A quasit (D:6)
  5 crimson imps
  A goliath beetle (D:6)
  2 hounds (D:5)
  A hound zombie (D:6)
  2 iguanas
  10 orc wizards
  3 orc priests
  A worker ant (D:7)
  Ijyb (D:6)
  2 human skeletons (D:7)
  A jelly (D:7)
  A mummy (D:7)
  9 adders
  5 gnolls
  2 adder skeletons
  3 white imps
  A worm (D:4)
  A grey rat (D:4)
  2 giant eyeballs
  3 human zombies (D:7)
  3 giant geckos
  An ooze (D:2)
  34 orcs
  7 giant cockroaches
  10 hobgoblins
  2 jackals (D:4)
  11 kobolds
  A ball python (D:1)
  17 bats
  7 giant newts
  A giant spore (D:9)
  15 goblins
  A kobold skeleton (D:5)
  An orc skeleton (D:5)
  3 quokkas
  8 rats
  A ballistomycete (D:9)
216 creatures vanquished.

Vanquished Creatures (collateral kills)
  Harold (Orc:3)
  Josephine (D:10)
  The ghost of Chiseanne the Fighter, a powerful MfTm of Fedhas (Orc:1)
  Nergalle (Orc:4)
  Erolcha (Orc:2)
  A sea snake (D:10)
  An orc sorcerer (Orc:4)
  2 orc knights (Orc:4)
  Joseph (Orc:3)
  A cyclops (D:11)
  5 slime creatures
  3 hill giant zombies
  2 two-headed ogres
  A smoke demon (Orc:3)
  Prince Ribbit (Orc:1)
  3 trolls
  2 ravens (D:9)
  A wyvern (D:9)
  A steam dragon (D:9)
  5 yaks (D:10)
  A merfolk (D:9)
  Grum (Orc:3)
  3 neqoxecs
  A trapdoor spider (D:11)
  A yaktaur zombie (D:11)
  A soldier ant (D:10)
  Edmund (D:9)
  2 war dogs (Orc:3)
  A wyvern zombie (D:10)
  4 necrophages (D:9)
  5 sky beasts
  12 orc warriors
  A slave (D:5)
  A yak zombie (D:10)
  2 ice beasts (D:10)
  A deep dwarf (D:9)
  2 phantoms
  2 centaurs (D:9)
  11 ogres
  2 rotting devils (D:9)
  2 wargs
  Duvessa (D:6)
  A gnoll sergeant (D:10)
  A centaur zombie (D:7)
  3 giant frogs
  A water moccasin (D:8)
  Blork the orc (Orc:4)
  A jellyfish (D:8)
  8 wights (D:11)
  5 killer bees
  A killer bee zombie (D:10)
  A crocodile zombie (D:10)
  13 crimson imps
  Dowan (D:6)
  3 hounds
  A gnoll shaman (D:8)
  12 orc priests
  An iron imp (Orc:3)
  2 scorpions
  5 worker ants
  A deep elf soldier (D:9)
  15 orc wizards
  A worker ant zombie (D:10)
  3 iguanas
  10 spectral orcs (Orc:4)
  4 jellies
  Terence (D:3)
  A mummy (D:10)
  9 gnolls
  2 lemures (Orc:3)
  An adder (D:8)
  2 shadow imps
  4 white imps
  2 worms
  2 giant eyeballs
  A giant gecko (D:10)
  124 orcs
  A bat (D:10)
  6 hobgoblins
  2 jackals (D:7)
  3 kobolds
  A quokka (D:9)
  6 goblins
  An orc zombie (D:7)
  A rat (D:6)
358 creatures vanquished.

Vanquished Creatures (others)
  A hydra skeleton (D:9)
  10 orange demons
  4 hellwings
  6 smoke demons
  A tengu (D:10)
  A yak (D:10)
  4 ynoxinuls
  6 neqoxecs
  A merfolk (Orc:1)
  An orc warrior (Orc:2)
  A centaur skeleton (D:7)
  A hound (D:9)
  148 crimson imps
  2 quasits
  16 iron imps
  An orc wizard (Orc:2)
  3 lemures
  54 shadow imps
  85 white imps
  35 ufetubi
  2 orcs
  2 hobgoblins
  3 jackals (D:9)
  A hobgoblin skeleton (Orc:1)
  2 rats
  A plant (D:8)
392 creatures vanquished.

Grand Total: 966 creatures vanquished

Notes
Turn   | Place    | Note
--------------------------------------------------------------
     0 | D:1      | Chiseanne, the Deep Dwarf Wizard, began the quest for the Orb.
     0 | D:1      | Reached XP level 1. HP: 13/13 MP: 5/5
    54 | D:1      | Reached skill level 1 in Conjurations
   339 | D:1      | Reached XP level 2. HP: 20/20 MP: 7/7
   475 | D:1      | Reached skill level 3 in Spellcasting
   972 | D:2      | Learned a level 2 spell: Blink
   976 | D:2      | Learned a level 2 spell: Call Imp
  1067 | D:2      | Reached XP level 3. HP: 20/26 MP: 3/9
  1133 | D:2      | Learned a level 2 spell: Repel Missiles
  1555 | D:2      | Paralysed by a potion of paralysis for 3 turns
  1924 | D:3      | Noticed Terence
  1949 | D:3      | Killed Terence
  2200 | D:3      | Reached XP level 4. HP: 17/33 MP: 9/11
  2499 | D:4      | Noticed an ogre
  2957 | D:4      | Killed an ogre
  2957 | D:4      | Reached skill level 1 in Fighting
  2957 | D:4      | Reached skill level 4 in Spellcasting
  2957 | D:4      | Reached skill level 1 in Evocations
  2957 | D:4      | Reached XP level 5. HP: 16/39 MP: 0/14
  3450 | D:4      | Noticed an ogre
  3460 | D:4      | Killed an ogre
  3460 | D:4      | Reached skill level 1 in Armour
  3460 | D:4      | Reached XP level 6. HP: 27/46 MP: 5/16
  3622 | D:4      | Learned a level 3 spell: Conjure Flame
  3626 | D:4      | Learned a level 3 spell: Mephitic Cloud
  4052 | D:5      | Entered Level 5 of the Dungeon
  4522 | D:5      | Noticed Eustachio
  4530 | D:5      | Noticed a hill giant zombie
  4675 | D:5      | Killed Eustachio
  5148 | D:5      | Reached XP level 7. HP: 30/54 MP: 3/16
  5306 | D:5      | Noticed Pikel
  5657 | D:5      | Killed Pikel
  5657 | D:5      | Reached skill level 5 in Spellcasting
  6000 | D:5      | Paralysed by a giant eyeball for 3 turns
  6079 | D:6      | Noticed a hill giant zombie
  6207 | D:6      | Killed a hill giant zombie
  6207 | D:6      | Reached XP level 8. HP: 42/62 MP: 1/18
  6466 | D:6      | Found a staircase to the Ecumenical Temple.
  6475 | Temple   | Entered the Ecumenical Temple
  7169 | D:6      | Learned a level 1 spell: Summon Small Mammals
  7173 | D:6      | Learned a level 3 spell: Call Canine Familiar
  7253 | D:6      | Reached skill level 6 in Spellcasting
  7253 | D:6      | Reached skill level 1 in Summonings
  7940 | D:6      | Found a burning altar of Makhleb.
  7946 | D:6      | Became a worshipper of Makhleb the Destroyer
  8070 | D:6      | Noticed Ijyb
  8082 | D:6      | Killed Ijyb
  8254 | D:6      | Noticed Duvessa
  8254 | D:6      | Noticed Dowan
  8265 | D:6      | Killed Dowan
  8289 | D:6      | Killed Duvessa
  8630 | D:7      | Found a staircase to the Orcish Mines.
  9091 | D:7      | Noticed a troll
  9105 | D:7      | Killed a troll
  9105 | D:7      | Gained mutation: You passively map the area around you. [level up]
  9105 | D:7      | Reached XP level 9. HP: 46/69 MP: 1/18
  9225 | D:7      | Found a snail-covered altar of Cheibriados.
  9693 | D:7      | Reached XP level 8. HP: 15/63 MP: 2/17
  9696 | D:7      | Reached XP level 9. HP: 40/69 MP: 2/18
  9707 | D:7      | Acquired Makhleb's first power
  9707 | D:7      | Reached skill level 5 in Dodging
  9957 | D:7      | Reached XP level 8. HP: 22/63 MP: 1/17
 10024 | D:7      | Reached XP level 7. HP: 34/55 MP: 2/14
 10044 | D:7      | Reached skill level 7 in Spellcasting
 10044 | D:7      | Reached XP level 8. HP: 40/63 MP: 4/15
 10166 | D:7      | Found an ancient bone altar of Kikubaaqudgha.
 10184 | D:7      | Learned a level 4 spell: Summon Scorpions
 10318 | D:8      | Noticed Maurice
 10329 | D:8      | Killed Maurice
 10329 | D:8      | Reached skill level 5 in Evocations
 10754 | D:8      | Found a shimmering altar of Xom.
 10793 | D:8      | Acquired Makhleb's second power
 10801 | D:8      | Reached skill level 1 in Invocations
 10814 | D:8      | Found Exzue's General Store.
 10823 | D:8      | Bought a scroll of blinking for 60 gold pieces
 10823 | D:8      | Bought a scroll of teleportation for 33 gold pieces
 10823 | D:8      | Bought a scroll of immolation for 11 gold pieces
 10992 | D:8      | Found a shattered altar of Ashenzari.
 10997 | D:8      | Saw a vision of the Swamp and the Spider Nest.
 10997 | D:8      | Noticed an alligator
 10997 | D:8      | Noticed a baby alligator
 10997 | D:8      | Noticed a raven
 10999 | D:8      | Noticed an alligator
 11002 | D:8      | Noticed a baby alligator
 11002 | D:8      | Noticed a baby alligator
 11148 | D:8      | Found a sparkling altar of Nemelex Xobeh.
 11190 | D:8      | Reached XP level 9. HP: 68/70 MP: 4/15
 11646 | D:9      | Noticed Edmund
 11673 | D:9      | Killed Edmund
 11673 | D:9      | Reached skill level 5 in Invocations
 12262 | D:9      | Found a blossoming altar of Fedhas.
 12587 | D:9      | Found a glowing silver altar of Zin.
 12651 | D:9      | Got an iridescent falchion
 12665 | D:9      | Identified the cursed -4,-4 falchion of the Grave {slay orc, rN+ Int+2} (You found it on level 9 of the Dungeon)
 13052 | D:9      | Acquired Makhleb's third power
 13052 | D:9      | Reached skill level 8 in Evocations
 13227 | D:10     | Entered Level 10 of the Dungeon
 13280 | D:10     | Noticed a sea snake
 13280 | D:10     | a manticore changed into a sea snake
 13638 | D:9      | Noticed a five-headed hydra skeleton
 13706 | D:9      | Killed a five-headed hydra skeleton
 13934 | D:10     | Killed a sea snake
 14016 | D:10     | Reached XP level 10. HP: 57/76 MP: 7/15
 14077 | D:10     | Noticed Sonja
 14294 | D:9      | Reached skill level 9 in Invocations
 14510 | D:10     | Noticed Sonja
 14510 | D:10     | Sonja changed into Sonja the ice beast
 14529 | D:10     | Killed Sonja the ice beast
 14678 | D:10     | Reached skill level 5 in Summonings
 14678 | D:10     | Reached skill level 11 in Invocations
 14678 | D:10     | Reached skill level 10 in Evocations
 14678 | D:10     | Reached XP level 11. HP: 55/85 MP: 1/15
 14704 | D:10     | Your ally Vyegorya died
 14728 | D:10     | Noticed a slime creature
 14728 | D:10     | Noticed a slime creature
 14728 | D:10     | Noticed a slime creature
 14729 | D:10     | Noticed a slime creature
 14739 | D:10     | Found Liynipt's Weapon Shop.
 14739 | D:10     | Noticed a slime creature
 15031 | D:10     | Noticed Josephine
 15264 | D:10     | Killed Josephine
 15314 | D:10     | Reached skill level 12 in Invocations
 15603 | D:9      | Killed a slime creature
 15984 | D:10     | Acquired Makhleb's fourth power
 16010 | D:10     | Learned a level 2 spell: Shroud of Golubria
 16179 | D:10     | Killed a slime creature
 16180 | D:10     | Killed a slime creature
 16186 | D:10     | Killed a slime creature
 16201 | D:10     | Killed a slime creature
 16874 | D:11     | Got an ichor-stained leather armour
 16875 | D:11     | Identified the +0 leather armour "Chonled" {Dex+1} (You found it on level 11 of the Dungeon)
 17107 | D:11     | Noticed a hill giant
 17192 | D:11     | Paralysed by a giant eyeball for 3 turns
 17198 | D:11     | Paralysed by a giant eyeball for 3 turns
 17438 | D:11     | Paralysed by a giant eyeball for 4 turns
 17484 | D:11     | Killed a hill giant
 18015 | Temple   | Learned a level 4 spell: Summon Ice Beast
 18074 | Orc:1    | Entered Level 1 of the Orcish Mines
 18074 | Orc:1    | Noticed Chiseanne's ghost (powerful MfTm)
 18362 | Orc:1    | Killed Chiseanne's ghost
 18469 | Orc:1    | Found a dark tunnel.
 18631 | Orc:1    | Noticed Prince Ribbit
 18645 | Orc:1    | Killed Prince Ribbit
 18649 | Orc:1    | Your ally Chow died
 19000 | Orc:2    | Found a bloodstained altar of Trog.
 19089 | Orc:2    | Noticed Erolcha
 19104 | Orc:2    | Killed Erolcha
 19573 | Orc:3    | Noticed Joseph
 19575 | Orc:3    | Noticed Harold
 19602 | Orc:3    | Killed Harold
 19615 | Orc:3    | Killed Joseph
 19689 | Orc:3    | Found a roughly hewn altar of Beogh.
 19729 | Orc:3    | Gained mutation: Your vision is a little blurry. [a neqoxec]
 19967 | Orc:3    | Noticed Grum
 19979 | Orc:3    | Found Weco's Assorted Antiques.
 19984 | Orc:3    | Killed Grum
 20002 | Orc:3    | Bought a scroll of enchant armour for 143 gold pieces
 20002 | Orc:3    | Bought a scroll of remove curse for 78 gold pieces
 20002 | Orc:3    | Bought a scroll of teleportation for 78 gold pieces
 20002 | Orc:3    | Bought a scroll of identify for 52 gold pieces
 20532 | Orc:4    | Entered Level 4 of the Orcish Mines
 20592 | Orc:4    | Noticed Nergalle
 20600 | Orc:4    | Noticed Blork the orc
 20610 | Orc:4    | Killed Blork the orc
 20618 | Orc:4    | Killed Nergalle
 20653 | Orc:4    | Paralysed by an orc sorcerer for 6 turns
 20727 | Orc:4    | Found a roughly hewn altar of Beogh.
 20730 | Orc:4    | Noticed an orc knight
 20731 | Orc:4    | Noticed Saint Roka
 20731 | Orc:4    | Noticed Urug
 20733 | Orc:4    | Noticed an orc knight
 20750 | Orc:4    | Killed an orc knight
 20752 | Orc:4    | Gained mutation: You occasionally shout uncontrollably. [a neqoxec]
 20770 | Orc:4    | Killed an orc knight
 20813 | Orc:4    | Slain by an orc warrior

Action                   |  1- 3 |  4- 6 |  7- 9 | 10-12 || total
-------------------------+-------+-------+-------+-------++-------
Melee: Dagger            |    11 |       |       |       ||    11
       Sabre             |    11 |   100 |    12 |       ||   123
       Whip              |       |       |   370 |       ||   370
       Falchion          |       |       |    13 |   185 ||   198
       Flail             |       |       |     8 |       ||     8
Throw: Javelin           |       |       |       |     3 ||     3
 Cast: Magic Dart        |   111 |   115 |    86 |    37 ||   349
       Call Imp          |     2 |    47 |   346 |   285 ||   680
       Blink             |       |     2 |     2 |       ||     4
       Mephitic Cloud    |       |     1 |    10 |     5 ||    16
       Call Canine Famil |       |       |    14 |       ||    14
Invok: Lesser Servant of |       |       |       |    63 ||    63
 Abil: Device Recharging |       |     2 |     8 |    14 ||    24
Evoke: Wand              |       |    17 |    77 |    86 ||   180
       Miscellaneous     |       |       |     1 |    46 ||    47
       Deck              |       |       |     1 |    16 ||    17
  Use: Potion            |    10 |     1 |     3 |     5 ||    19
       Scroll            |     8 |       |    24 |     6 ||    38
 Stab: Distracted        |       |     1 |     4 |     1 ||     6
       Sleeping          |       |       |     3 |       ||     3
       Confused          |       |       |     1 |       ||     1
